 Seeded DCSS version 0.30.1-5-ged363bc7ee (webtiles) character file.

Game seed: 69 (custom seed)

56571 Psyclone the Scorcher (level 14, -6/92 HPs)
             Began as a Deep Elf Venom Mage on Sept 19, 2023.
             Was a High Priest of Vehumet.
             Mangled by an eight-headed hydra (12 damage)
             ... on level 5 of the Lair of Beasts on Sept 20, 2023.
             The game lasted 01:38:39 (24533 turns).

Psyclone the Scorcher (Deep Elf Venom Mage)        Turns: 24533, Time: 01:38:39

Health: -6/92      AC: 11    Str:  5    XL:     14   Next: 42%
Magic:  9/29       EV: 16    Int: 32    God:    Vehumet [*****.]
Gold:   1123       SH:  5    Dex: 15    Spells: 9/31 levels left

rFire   . . .        a - staff of poison
rCold   + . .        (no shield)
rNeg    . . .        J - +2 robe {rC+}
rPois   +            T - +2 hat
rElec   .            d - +0 cloak
rCorr   .            h - +1 pair of gloves
SInv    .            B - +1 pair of boots
Will    +....        x - amulet of reflection
Stlth   ++           H - +4 ring of slaying
HPRegen 0.35/turn    U - +6 ring of intelligence
MPRegen 0.21/turn

%: reflection
@: no status effects
A: no striking features
a: Renounce Religion


You were on level 5 of the Lair of Beasts.
You worshipped Vehumet.
Vehumet was extremely pleased with you.
You visited 3 branches of the dungeon, and saw 17 of its levels.
You also visited: Sewer and Ice Cave.

You collected 1477 gold pieces.
You spent 354 gold pieces at shops.

Inventory:

Hand Weapons
 b - a +3 dagger of electrocution
Missiles
 y - 5 curare-tipped darts
Armour
 d - a +0 cloak (worn)
 h - a +1 pair of gloves (worn)
 B - a +1 pair of boots (worn)
 J - a +2 robe of cold resistance (worn)
 M - a +2 robe of willpower
 T - a +2 hat (worn)
Magical Staves
 a - a staff of poison (weapon)
Jewellery
 c - a ring of wizardry
 w - a ring of fire
 x - an amulet of reflection (around neck)
 H - a +4 ring of slaying (left hand)
 P - a ring of flight
 U - a +6 ring of intelligence (right hand)
Wands
 v - a wand of digging (9)
 E - a wand of light (10)
 G - a wand of flame (12)
 N - a wand of polymorph (6)
 R - a wand of paralysis (16)
 Y - a wand of roots (9)
Scrolls
 e - 7 scrolls of amnesia {unknown}
 k - 3 scrolls of torment {unknown}
 l - 4 scrolls of noise {unknown}
 m - 6 scrolls of identify {@r1}
 o - 2 scrolls of butterflies {unknown}
 z - 3 scrolls of vulnerability {unknown}
 A - 2 scrolls of poison {unknown}
 C - 4 scrolls of immolation {unknown}
 F - 6 scrolls of enchant armour {unknown}
 I - a scroll of magic mapping
 K - 2 scrolls of fog
 L - a scroll of brand weapon
 Q - a scroll of fear
Potions
 f - 6 potions of flight {unknown}
 g - a potion of might {unknown}
 i - a potion of berserk rage {unknown}
 j - 2 potions of magic
 n - 4 potions of mutation {unknown}
 q - 3 potions of curing
 r - 7 potions of haste {unknown}
 s - 6 potions of heal wounds
 t - 2 potions of resistance
 u - 4 potions of cancellation {unknown}
 D - 3 potions of brilliance {unknown}
 O - 2 potions of lignification
 V - 5 potions of attraction
 W - a potion of invisibility
Miscellaneous
 p - a piece from Xom's chessboard (15/15)


   Skills:
 - Level 12.0 Fighting
 - Level 8.0 Dodging
 - Level 2.4 Stealth
 - Level 9.0 Spellcasting
 - Level 9.0 Conjurations
 - Level 9.0 Transmutations
 + Level 15.4 Fire Magic
 - Level 9.0 Poison Magic


You had 9 spell levels left.
You knew the following spells:

 Your Spells              Type           Power      Damage    Failure   Level
a - Poisonous Vapours     Pois/Air       100%       N/A       1%          2
b - Volatile Blastmotes   Fire/Tloc      100%       2d18      1%          3
c - Eringya's Noxious Bo  Tmut/Pois      41%        N/A       3%          6
d - Mephitic Cloud        Conj/Pois/Air  68%        N/A       1%          3
s - Ignite Poison         Fire/Tmut/Pois 91%        N/A       1%          3
v - Sting                 Tmut/Pois      100%       1d8       1%          1
x - Olgreb's Toxic Radia  Pois           82%        N/A       1%          4

Your spell library contained the following spells:

 Spells                   Type           Power      Damage    Failure   Level
 Orb of Destruction       Conj           32%        9d10      17%         7
 Cigotuvi's Dreadful Rot  Necr/Pois/Air  100%       N/A       1%          2
 Static Discharge         Conj/Air       86%        2-6/arc   1%          2
 Dazzling Flash           Conj/Hex       86%        N/A       1%          3
 Stone Arrow              Conj/Erth      86%        3d12      1%          3
 Freezing Cloud           Conj/Ice/Air   16%        6-21      7%          5
 Airstrike                Air            7%         2d(1-17)  9%          4
 Animate Armour           Summ/Erth      28%        N/A       32%         4
 Summon Lightning Spire   Summ/Air       14%        N/A       32%         4
 Agony                    Necr           14%        N/A       67%         5
 Silence                  Hex/Air        7%         N/A       67%         5
 Simulacrum               Ice/Necr       7%         N/A       99%         6
 Ozocubu's Refrigeration  Ice            7%         4d9       99%         7
 Lehudib's Crystal Spear  Conj/Erth      21%        10d6      100%        8
 Polar Vortex             Ice            7%         N/A       100%        9


Dungeon Overview and Level Annotations

Branches:
Dungeon (11/15) Zot: 25377  Temple (1/1) D:5 Zot: 5851    Lair (5/5) D:11 Zot: 23444
  Swamp (0/4) Lair:2       Spider (0/4) Lair:3        Slime (0/5) Lair:5
    Orc (0/2) D:10          Sewer (visited)           IceCv (visited)

Altars:
Ashenzari
Cheibriados
Dithmenos
Elyvilon
Fedhas
Gozag
Hepliaklqana
Kikubaaqudgha
Makhleb
Nemelex Xobeh
Okawaru
Qazlal
Ru
Sif Muna
Trog
Uskayaw
Vehumet
Wu Jian
Xom
Yredelemnul
Zin
The Shining One
Jiyva

Shops:
D:4 :   D:5 *

Portals:
Abyss: D:7

Annotations:
D:4 1 runed translucent door, exclusion: downstairs, Arctor's ghost, amateur DrTm
D:5 exclusions: downstairs and 1 more exclusion
D:7 2 transporters, growler's ghost, novice TeAE
D:9 1 runed translucent door
D:11 1 runed translucent door
Lair:3 2 transporters, Huasawuy's ghost, journeyman TrHW


Message History

The eight-headed hydra bites you.
The eight-headed hydra barely misses you.
The eight-headed hydra bites you!
The eight-headed hydra bites you but does no damage. x2
The eight-headed hydra bites you. The eight-headed hydra misses you.
The eight-headed hydra barely misses you.
The dire elephant barely misses you. x2
The cane toad is engulfed in blazing flames.
You kill the cane toad!
Vehumet accepts your kill.
You take 10 damage, and have 45/92 hp.
You now have 11/29 mp.
Casting: Poisonous Vapours (safe; 1% risk of failure)
Confirm with . or Enter, or press ? or * to list all spells.
You feel a surge of power!
You ignite the poison in your surroundings!
The dire elephant seems to burn from within!!!
The dire elephant is severely wounded.
The dire elephant is poisoned.
Your toxic aura wanes.
The eight-headed hydra is engulfed in blazing flames.
The eight-headed hydra misses you. The eight-headed hydra bites you!
You block the eight-headed hydra's attack.
The eight-headed hydra bites you.
The eight-headed hydra bites you but does no damage.
The eight-headed hydra barely misses you.
The eight-headed hydra bites you but does no damage. x2
The dire elephant tramples you.
You stumble backwards!
You take 17 damage, and have 28/92 hp.
You now have 8/29 mp.
The eight-headed hydra is engulfed in blazing flames.
You block the eight-headed hydra's attack.
The eight-headed hydra bites you!
* * * LOW HITPOINT WARNING * * *
The eight-headed hydra bites you.
* * * LOW HITPOINT WARNING * * *
The eight-headed hydra bites you but does no damage.
The eight-headed hydra barely misses you.
The eight-headed hydra bites you!
* * * LOW HITPOINT WARNING * * *
The eight-headed hydra bites you!
You die...

..#..#P...#...## #....## #####
..####........# #.....# ### # ..#
##......## ###.######.#### ###
#.....### ####..###.#.##.# .##
###.......###..............# .P#
#.#...............P.).....###
..###......○§°.........#P....###P
.......F....§☼§DY.............#..
.##.......P#.#☼§@................
...........###...........PP......
....#####........#.#..#P...P...##
..#####.#........#.#####.......##
..###.........#.....♣♣...........
...........#....♣♣♣♣♣♣♣.........♣
#......P.P#....♣♣ ♣♣♣♣..♣♣♣♣♣
####........#..♣ ♣♣.♣
##............♣♣♣ ♣♣.


You could see a dire elephant (poisoned) and an eight-headed hydra.

Vanquished Creatures
  A dire elephant (Lair:5)
  5 hydras
  3 catoblepae
  A two-headed ogre (D:11)
  8 death yaks
  2 boulder beetles
  Sonja (Lair:1)
  2 skysharks
  2 bog bodies (IceCv)
  3 lindwurms
  Pikel (D:8)
  A deep elf pyromancer (D:11)
  An oklob plant (Lair:4)
  A cyclops (D:11)
  4 elephants
  3 black mambas
  A torpor snail (Lair:5)
  An ice statue (IceCv)
  A gargoyle (D:10)
  17 cane toads
  2 rime drakes (Lair:5)
  A kobold demonologist (D:10)
  9 komodo dragons
  A troll (D:11)
  An anaconda simulacrum (IceCv)
  2 polar bears
  A hornet (D:9)
  27 blink frogs
  8 dream sheep
  4 culicivoras (Lair:3)
  3 shadows
  2 spriggans (Lair:3)
  5 wyverns
  2 dire elephant simulacra (IceCv)
  39 yaks
  3 death yak simulacra (IceCv)
  6 basilisks
  4 vampire mosquitoes
  2 harpy simulacra (IceCv)
  A hydra simulacrum (IceCv)
  5 acid dragons
  16 water moccasins
  6 orc warriors
  3 ice beasts
  2 sky beasts (D:7)
  2 black bears
  3 ogres
  15 wolves (Lair:1)
  3 centaurs
  A lemure (D:8)
  5 kobold brigands
  4 phantoms
  13 bullfrogs
  2 gnoll sergeants (D:10)
  7 scorpions
  3 cane toad simulacra (IceCv)
  5 two-headed ogre simulacra (IceCv)
  6 wights
  An elephant simulacrum (IceCv)
  6 killer bees (D:9)
  4 electric eels
  A howler monkey (D:6)
  3 gnoll boudas
  4 hounds (D:5)
  10 orc priests
  Crazy Yiuf (D:6)
  A jelly (D:6)
  A sleepcap (D:8)
  Jessica (D:2)
  Natasha (thrice) (D:4)
  3 iguanas
  14 orc wizards
  2 troll simulacra (IceCv)
  5 polar bear simulacra (IceCv)
  5 spriggan simulacra (IceCv)
  A wolf simulacrum (IceCv)
  21 gnolls
  9 adders
  9 naga simulacra (IceCv)
  2 river rats (D:5)
  20 white imps
  10 ufetubi
  A worm (D:5)
  3 dart slugs
  41 orcs
  12 bats
  4 endoplasms
  11 giant cockroaches
  4 goblins
  13 hobgoblins
  10 jackals
  7 quokkas
  8 ball pythons
  5 frilled lizards
  27 kobolds
  9 rats
  A butterfly (D:9)
576 creatures vanquished.

Vanquished Creatures (others)
  A slime creature (D:11)
  A shadow (D:11)
2 creatures vanquished.

Grand Total: 578 creatures vanquished

Notes
Turn   | Place    | Note
-------+----------+-------------------------------------------
     0 | D:1      | Psyclone the Deep Elf Venom Mage began the quest for the
                  | Orb.
     0 | D:1      | Reached XP level 1. HP: 10/10 MP: 6/6
   301 | D:1      | Reached XP level 2. HP: 15/15 MP: 5/8
   310 | D:1      | Learned a level 2 spell: Poisonous Vapours
  1018 | D:1      | Found a faded altar of an unknown god.
  1654 | D:2      | Reached XP level 3. HP: 19/19 MP: 9/9
  1799 | D:2      | Reached skill level 5 in Poison Magic
  2078 | D:2      | Reached XP level 4. HP: 20/24 MP: 1/10
  2678 | D:2      | Noticed Jessica
  2684 | D:2      | Killed Jessica
  2800 | D:2      | You fall into a shaft and drop 2 floors!
  2826 | D:4      | Found a runed translucent door.
  2826 | D:4      | Noticed Arctor's ghost (amateur DrTm)
  3015 | D:4      | Reached XP level 5. HP: 28/28 MP: 3/13
  3225 | D:4      | Found Habibouru's Book Boutique.
  3249 | D:4      | Noticed an ogre
  3285 | D:4      | Killed an ogre
  3286 | D:4      | Reached skill level 5 in Spellcasting
  3410 | D:4      | Noticed Natasha
  3439 | D:4      | Killed Natasha
  3440 | D:4      | Reached XP level 6. HP: 13/32 MP: 1/17
  3460 | D:5      | Entered Level 5 of the Dungeon
  3566 | D:5      | Found Siaroal's Assorted Antiques.
  3706 | D:5      | Found a glowing drain.
  3725 | D:5      | Reached skill level 1 in Fighting
  3742 | Sewer    | Entered a sewer
  3783 | Sewer    | Learned a level 4 spell: Olgreb's Toxic Radiance
  4523 | D:5      | Learned a level 3 spell: Mephitic Cloud
  4646 | D:5      | Bought a fizzy pink potion for 16 gold pieces
  4646 | D:5      | Bought an amethyst potion for 16 gold pieces
  4646 | D:5      | Bought a scroll labelled HUKHOL FYUXETI for 18 gold pieces
  4646 | D:5      | Bought a scroll labelled ZEMIDE SERU for 18 gold pieces
  4819 | D:4      | Reached XP level 7. HP: 28/41 MP: 9/18
  5683 | D:3      | Found a bloodstained altar of Trog.
  6717 | D:4      | Noticed Natasha
  6725 | D:4      | Killed Natasha
  6789 | D:4      | Noticed Natasha
  6823 | D:4      | Killed Natasha
  7048 | D:5      | Reached skill level 5 in Fighting
  7148 | D:5      | Found an ancient bone altar of Kikubaaqudgha.
  7173 | D:5      | Found a sparkling altar of Nemelex Xobeh.
  7565 | D:6      | Identified the +1 dagger "Weyhecs" {antimagic, rF+}
  7618 | D:6      | Reached XP level 8. HP: 45/50 MP: 14/19
  8033 | D:5      | Reached skill level 5 in Dodging
  8138 | D:5      | Found a staircase to the Ecumenical Temple.
  8423 | Temple   | Entered the Ecumenical Temple
  8498 | Temple   | Became a worshipper of Vehumet
  9529 | D:6      | Reached XP level 9. HP: 36/56 MP: 6/20
  9851 | D:6      | Found a runed translucent door.
  9852 | D:6      | Noticed Crazy Yiuf
  9862 | D:6      | Killed Crazy Yiuf
 10105 | D:4      | Bought a Trismegistus Codex for 286 gold pieces
 10113 | D:4      | Learned a level 3 spell: Ignite Poison
 10257 | D:7      | Reached skill level 1 in Fire Magic
 10347 | D:7      | Reached skill level 1 in Conjurations
 10421 | D:7      | Reached * piety under Vehumet
 10421 | D:7      | Offered knowledge of Foxfire by Vehumet.
 10422 | D:7      | Reached skill level 2 in Fire Magic
 10669 | D:7      | Reached skill level 3 in Fire Magic
 10981 | D:7      | Noticed a green ugly thing
 11001 | D:7      | Noticed growler's ghost (novice TeAE)
 11016 | D:7      | Found a transporter.
 11054 | D:7      | Found a one-way gate to the infinite horrors of the Abyss.
 11061 | D:7      | Found a transporter.
 11101 | D:7      | Reached skill level 4 in Fire Magic
 11576 | D:8      | Reached skill level 5 in Transmutations
 11860 | D:8      | Reached skill level 5 in Fire Magic
 12170 | D:8      | Noticed Pikel
 12176 | D:8      | Killed Pikel
 12177 | D:8      | Reached XP level 10. HP: 63/63 MP: 8/21
 12287 | D:8      | Found a sacrificial altar of Ru.
 12744 | D:9      | Reached skill level 6 in Fire Magic
 12857 | D:9      | Reached skill level 5 in Conjurations
 12980 | D:9      | Found a runed translucent door.
 12986 | D:9      | Found a runed translucent door.
 13020 | D:9      | Offered knowledge of Kiss of Death by Vehumet.
 13021 | D:9      | Reached ** piety under Vehumet
 13676 | D:10     | Entered Level 10 of the Dungeon
 14010 | D:10     | Offered knowledge of Volatile Blastmotes by Vehumet.
 14058 | D:10     | Reached XP level 11. HP: 67/67 MP: 14/26
 14062 | D:10     | Learned a level 3 spell: Volatile Blastmotes
 14084 | D:10     | Reached *** piety under Vehumet
 14099 | D:10     | Found a staircase to the Orcish Mines.
 14331 | D:10     | Offered knowledge of Fulminant Prism by Vehumet.
 14625 | D:10     | Found a shadowy altar of Dithmenos.
 14953 | D:11     | Noticed a two-headed ogre
 14956 | D:11     | Killed a two-headed ogre
 15184 | D:11     | Found a frozen archway.
 15261 | IceCv    | Entered an ice cave
 15460 | IceCv    | Reached **** piety under Vehumet
 15627 | IceCv    | Offered knowledge of Airstrike by Vehumet.
 16336 | IceCv    | Noticed a bog body
 16354 | IceCv    | Killed a bog body
 16454 | IceCv    | Noticed a bog body
 16462 | IceCv    | Killed a bog body
 17027 | D:11     | Reached ***** piety under Vehumet
 17028 | D:11     | Reached skill level 10 in Fighting
 17064 | D:11     | Found a staircase to the Lair.
 17250 | D:11     | Offered knowledge of Eringya's Noxious Bog by Vehumet.
 17263 | D:11     | Reached XP level 12. HP: 26/79 MP: 12/27
 17482 | D:11     | Noticed a boulder beetle
 17482 | D:11     | Noticed a four-headed hydra
 17487 | D:11     | Found a runed translucent door.
 17509 | D:11     | Noticed a boulder beetle
 17572 | D:11     | Killed a boulder beetle
 18007 | Lair:1   | Entered Level 1 of the Lair of Beasts
 18232 | Lair:1   | Noticed Sonja
 18235 | Lair:1   | Killed Sonja
 18433 | Lair:1   | Learned a level 6 spell: Eringya's Noxious Bog
 18831 | Lair:1   | Reached skill level 7 in Fire Magic
 19458 | Lair:2   | Noticed a catoblepas
 19458 | Lair:2   | Noticed an eight-headed hydra
 19468 | Lair:2   | Killed a catoblepas
 19471 | Lair:2   | Killed an eight-headed hydra
 19689 | Lair:2   | Found a staircase to the Swamp.
 19981 | Lair:2   | Reached skill level 8 in Fire Magic
 19981 | Lair:2   | Reached XP level 13. HP: 82/86 MP: 13/28
 20494 | Lair:3   | Found a transporter.
 20500 | Lair:3   | Noticed Huasawuy's ghost (journeyman TrHW)
 20560 | Lair:3   | Found a transporter.
 20605 | Lair:3   | Found a hole to the Spider Nest.
 20823 | Lair:3   | Offered knowledge of Yara's Violent Unravelling by Vehumet.
 21092 | Lair:3   | Reached skill level 9 in Fire Magic
 21278 | Lair:3   | Reached skill level 10 in Fire Magic
 21626 | Lair:4   | Reached skill level 11 in Fire Magic
 22175 | Lair:4   | Reached skill level 12 in Fire Magic
 22695 | Lair:5   | Entered Level 5 of the Lair of Beasts
 22857 | Lair:5   | Reached skill level 13 in Fire Magic
 22862 | Lair:5   | Reached XP level 14. HP: 35/92 MP: 25/29
 22879 | Lair:4   | HP: 4/92 [poisoned by a cane toad]
 23267 | Lair:5   | Reached skill level 14 in Fire Magic
 23581 | Lair:5   | Found a viscous altar of Jiyva.
 23581 | Lair:5   | Found a staircase to the Slime Pits.
 23891 | Lair:5   | Reached skill level 15 in Fire Magic
 24019 | Lair:5   | Identified the +10 war axe of Circular Logic {freeze, rPois
                  | Str+4}
 24032 | Lair:5   | Offered knowledge of Orb of Destruction by Vehumet.
 24533 | Lair:5   | Mangled by an eight-headed hydra

Illustrated notes

Levels and vault maps discovered:
D:1:      minmay_arrival_nine_rooms, layout_basic,
          dreamdust_ecumenical_altar_sealed_demon
D:2:      layout_loops_ring, minivault_11, uniq_jessica
D:3:      layout_loops_cross, mainiacjoe_overflow_catwalk, serial_bayou_pond_a
D:4:      layout_basic, serial_shops, shop, hellmonk_ghost_happy_afterlife,
          uniq_natasha
D:5:      layout_basic, mainiacjoe_overflow_two_lobes,
          minmay_temple_entry_arrows, lightli_sewer_entry_pipes, serial_shops,
          nicolae_shop_statue_plus
D:6:      layout_gridville, abandoned_shop, roderic_serpentine_path,
          minmay_starry_boxes, uniq_crazy_yiuf_cottage
D:7:      layout_loops_ring, gammafunk_ghost_abyssal_escape, skrybe_limestone_x,
          kennysheep_small_circle
D:8:      layout_basic, hangedman_ru_absence, supply_closet_lemuel, uniq_pikel
D:9:      lemuel_insect_pit, layout_rooms
D:10:     layout_loops_ring, general_overflow_altar, erik_orc_2
D:11:     minmay_the_grid_triangle_9x9_rhombus_full
          [minmay_the_grid_triangle_9x9_steps,
          minmay_the_grid_triangle_9x9_windchime,
          minmay_the_grid_triangle_9x9_zippers_horizontal,
          minmay_the_grid_triangle_9x9_intruding_spiral,
          minmay_the_grid_triangle_9x9_subtriangle,
          minmay_the_grid_triangle_9x9_tough_junction,
          minmay_the_grid_triangle_9x9_sparse_checkered,
          minmay_the_grid_triangle_9x9_prize_schism], layout_loops_ring,
          erik_lair_dragon, portal_ice_cave_entry_imps, hex_large,
          nrook_campfire
Temple:   minmay_temple_bridge_d
Lair:1:   layout_regular_city, nicolae_lair_lindhole, serial_bayou_shore_b,
          infiniplex_staircase_pool, uniq_sonja
Lair:2:   layout_cave_pods, swamp_mist_pool, chequers_serial_rivers_room_b,
          serial_bayou_shore_b
Lair:3:   wad_woods_tower, layout_long_grid,
          hellmonk_spider_entry_life_and_decay, nzn_ghost_randoct
Lair:4:   layout_gridlike, grunt_megastairs_4
Lair:5:   evil_forest, layout_misc_corridors, slime_entry_1,
          dpeg_stationary_puzzle

Skill      XL: |  1  2  3  4  5  6  7  8  9 10 11 12 13 14 |
---------------+-------------------------------------------+-----
Poison Magic   | 4 5 6 7 9 |  9.0
Spellcasting   | 4 6 9 |  9.0
Fighting       | 3 5 6 7 10 12 | 12.0
Dodging        | 3 7 8 |  8.0
Fire Magic     | 5 6 8 13 15 | 15.4
Conjurations   | 3 6 8 9 |  9.0
Transmutations | 5 6 7 9 |  9.0
Stealth        | |  2.4

Action                     |  1- 3 |  4- 6 |  7- 9 | 10-12 | 13-15 || total
---------------------------+-------+-------+-------+-------+-------++-------
  Melee: Dagger            |    37 |    34 |   133 |     1 |       ||   205
         Unarmed           |     1 |       |       |       |       ||     1
         Punch             |     1 |     2 |     2 |       |     1 ||     6
         Club              |       |    15 |     1 |       |       ||    16
         Staff             |       |       |     5 |    31 |    26 ||    62
   Cast: Sting             |    23 |     5 |    17 |     8 |    23 ||    76
         Poisonous Vapours |    51 |    90 |   121 |    66 |    71 ||   399
         Olgreb's Toxic Ra |       |     8 |    22 |    31 |    27 ||    88
         Ignite Poison     |       |       |    22 |   130 |    85 ||   237
         Mephitic Cloud    |       |       |    13 |    65 |    22 ||   100
         Eringya's Noxious |       |       |       |    10 |     1 ||    11
    Use: Scroll            |       |     2 |     3 |     9 |     3 ||    17
         Potion            |       |       |       |     2 |     6 ||     8
   Stab: Sleeping          |     1 |     4 |     1 |       |       ||     6
 Armour: Robe              |    17 |    11 |    47 |    35 |    52 ||   162
  Dodge: Dodged            |    44 |    38 |   128 |    75 |   136 ||   421
  Block: Other             |       |       |    35 |    35 |    40 ||   110
         Reflection        |       |       |       |     1 |       ||     1
